 Dungeon Crawl Stone Soup version 0.28-a0-1594-ga885d4b3d6 (webtiles) character file.

Game seed: 12057715399677067656

1892 grumblor the Ducker (level 9, -1/64 HPs)
             Began as a Djinni Gladiator on Jan 21, 2022.
             Was an Initiate of Ashenzari.
             Slain by a six-headed hydra (12 damage)
             ... on level 6 of the Dungeon.
             The game lasted 00:19:07 (7066 turns).

grumblor the Ducker (Djinni Gladiator)              Turns: 7066, Time: 00:19:09

Health: -1/64      AC: 18    Str: 17    XL:     9   Next: 37%
Gold:   225        EV:  9    Int: 10    God:    Ashenzari [......] SH:  5 Dex: 15

rFire   + + .      SeeInvis .   v - +2 war axe (vorpal)
rCold   . . .      Faith    .   (no shield)
rNeg    . . .      Spirit   .   z - +8 chain mail "Chained With Me" {+Inv rElec rC+, Self, Range} (curse)
rPois   ∞          Reflect  +   c - +0 helmet
rElec   +          Harm     .   (no cloak)
rCorr   +          Rampage  .   (no gloves)
Will    +....                   (boots unavailable)
Stlth   ..........              o - amulet of reflection
HPRegen 0.20/turn               j - ring of willpower
MPRegen 0.00/turn               q - ring of resist corrosion

@: flying, hasted, invisible, very quick
A: sickness immunity, fire resistance 2, cold vulnerability 1, float, innate
caster, hp casting, extra vitality 1
a: Renounce Religion, Evoke Invisibility, Shatter the Chains


You were on level 6 of the Dungeon.
You worshipped Ashenzari.
Ashenzari was noncommittal.
You visited 2 branches of the dungeon, and saw 8 of its levels.

You collected 225 gold pieces.

Inventory:

Hand Weapons
 a - a +1 war axe
 v - a +2 vorpal war axe (weapon)
Missiles
 m - 14 boomerangs (quivered)
 p - 19 poisoned darts
Armour
 c - a +0 helmet (worn)
 z - the cursed +8 chain mail "Chained With Me" (worn) {+Inv rElec rC+, Self, Range}
   (You took it off an orc on level 5 of the Dungeon)

   rC:        It protects you from cold.
   rElec:     It insulates you from electricity.
   +Inv:      It lets you turn invisible.
   It has a curse which improves the following skills: Introspection: Fighting
   and Spellcasting.
   Ranged Combat: Slings, Bows, Crossbows and Throwing.
 A - a +0 pair of gloves
Jewellery
 j - a ring of willpower (left hand)
 o - an amulet of reflection (around neck)
 q - a ring of resist corrosion (right hand)
Wands
 t - a wand of iceblast (3)
Scrolls
 b - a scroll of fog
 h - a scroll of magic mapping
 l - 2 scrolls of enchant weapon
 s - a scroll of enchant armour
 x - a scroll of teleportation
 B - a scroll of identify
Potions
 f - 4 potions of curing
 i - a potion of invisibility
 k - a potion of lignification
 n - 2 potions of might
 u - 2 potions of flight {unknown}
 w - a potion of brilliance


   Skills:
 * Level 4.4(4.8) Fighting
 + Level 5.4 Axes
 * Level 3.4(3.8) Throwing
 * Level 4.8 Armour
 * Level 5.5 Dodging
 * Level 2.6(3.0) Spellcasting
 * Level 3.1 Evocations


You had 4 spell levels left.
You knew the following spells:

 Your Spells              Type           Power      Damage    Failure   Level
a - Summon Small Mammal   Summ           28%        N/A       71%         1
b - Searing Ray           Conj           14%        2d5       85%         2
c - Confusing Touch       Hex            7%         N/A       97%         3
d - Sticky Flame          Conj/Fire      7%         2d3       100%        4
Your spell library was empty.


Dungeon Overview and Level Annotations

Branches:
Dungeon (7/15)             Temple (1/1) D:6

Altars:
Ashenzari
Cheibriados
Dithmenos
Fedhas
Hepliaklqana
Kikubaaqudgha
Qazlal
Sif Muna
Uskayaw
Vehumet
Wu Jian
Yredelemnul
Zin
The Shining One
Beogh

Shops:
D:1 (   D:5 (   D:6 *


Innate Abilities, Weirdness & Mutations

You are immune to sickness and miasma.
You are immune to poison.
Your flesh is very heat resistant. (rF++)
You are vulnerable to cold. (rC-)
You float through the air rather than walking.
You learn spells naturally, not from books.
Your magical power is your life essence.
You have superior vitality. (+4 MHP)


Message History

Aim: a six-headed hydra (lightly wounded, 79% to hit, chance to blind on hit: 3%)
You throw an atropa-tipped dart.
The atropa-tipped dart hits the six-headed hydra!
The six-headed hydra resists.
The six-headed hydra is lightly wounded.
Unknown command.
Unknown command.
Throw: dart (atropa)
Press: ? - help, Q - select action, (/) - cycle Shift-Dir - straight line, f/p - six-headed hydra
Aim: a six-headed hydra (lightly wounded, 79% to hit, chance to blind on hit: 3%)
You throw an atropa-tipped dart.
The atropa-tipped dart hits the six-headed hydra!
The six-headed hydra resists.
The six-headed hydra is lightly wounded.
The six-headed hydra bites you but does no damage. x3
The six-headed hydra bites you.
* * * LOW HITPOINT WARNING * * *
The six-headed hydra bites you but does no damage.
You block the six-headed hydra's attack.
Unknown command.
Throw: 14 boomerangs
Press: ? - help, Q - select action, (/) - cycle Shift-Dir - straight line, f/p - six-headed hydra
Aim: a six-headed hydra (lightly wounded, 79% to hit)
You throw a boomerang.
The boomerang hits the six-headed hydra.
The six-headed hydra is moderately wounded.
Unknown command.
Throw: 14 boomerangs
Press: ? - help, Q - select action, (/) - cycle Shift-Dir - straight line, f/p - six-headed hydra
Aim: a six-headed hydra (moderately wounded, 79% to hit)
You throw a boomerang.
The boomerang hits the six-headed hydra.
The six-headed hydra is moderately wounded.
The six-headed hydra bites you but does no damage.
The six-headed hydra closely misses you.
The six-headed hydra barely misses you.
You block the six-headed hydra's attack.
The six-headed hydra bites you but does no damage.
The six-headed hydra bites you!
You die...

###.# ##.#.########.....###..>..#
..#.# #.###........#......#.....#
#.#.####.#.########..##..........
#................##.)##.#...###..
#......#########.##...#......#...
....##.# #.##..........#..#
##.###.####### #..........[.....#
#.###.......# #.................
#...#######.###@D...............
##..............................P
.....#######.###.##............P∩
###.##### #.# #.#####.........P.
........# #.# #.#####.......#...
###.###.# #.# #..........).####.
....###.####.# #######.#########.
#............# #...........
#.#####.###### ############


You could see a six-headed hydra.

Vanquished Creatures
  The ghost of Drazool the Magician, a novice DjVM of Ashenzari (D:5)
  A water moccasin (D:5)
  Duvessa (D:6)
  2 ice beasts (D:6)
  3 ogres
  A wyvern zombie (D:6)
  Dowan (D:6)
  The ghost of parzival7114810 the Chopper, a weakling HOMo (D:3)
  A water moccasin skeleton (D:5)
  4 killer bees (D:7)
  A howler monkey (D:5)
  2 jellies
  2 orc priests
  2 hounds
  A bullfrog skeleton (D:5)
  A gnoll shaman (D:5)
  An iguana (D:7)
  2 orc wizards (D:6)
  A hound zombie (D:5)
  7 adders
  5 gnolls (D:5)
  A white imp (D:5)
  An adder skeleton (D:4)
  3 worms
  6 dart slugs
  12 orcs
  5 endoplasms
  4 giant cockroaches
  5 goblins
  8 hobgoblins
  5 jackals
  2 quokkas
  10 ball pythons
  4 bats
  2 frilled lizards
  8 kobolds
  6 rats
123 creatures vanquished.

Vanquished Creatures (others)
  A kobold (D:3)
  3 plants
4 creatures vanquished.

Grand Total: 127 creatures vanquished

Notes
Turn   | Place    | Note
-------+----------+-------------------------------------------
     0 | D:1      | grumblor the Djinni Gladiator began the quest for the Orb.
     0 | D:1      | Reached XP level 1. HP: 18/18 MP: 0/0
    47 | D:1      | Reached XP level 2. HP: 12/23 MP: 0/0
   366 | D:1      | Reached XP level 3. HP: 25/28 MP: 0/0
   366 | D:1      | Learned a level 1 spell: Summon Small Mammal
   615 | D:1      | Found a faded altar of an unknown god.
   616 | D:1      | Noticed a shining eye
   621 | D:1      | Noticed an eye of devastation
   625 | D:1      | Noticed a golden eye
   625 | D:1      | Noticed a shining eye
   698 | D:1      | Found Saypsey's Weapon Shoppe.
   909 | D:2      | Reached XP level 4. HP: 26/33 MP: 0/0
  1376 | D:2      | Reached skill level 1 in Armour
  1919 | D:3      | Found a runed translucent door.
  1925 | D:3      | Noticed parzival7114810's ghost (weakling HOMo)
  2858 | D:3      | Killed parzival7114810's ghost
  2859 | D:3      | Reached XP level 5. HP: 20/39 MP: 0/0
  2859 | D:3      | Learned a level 2 spell: Searing Ray
  3138 | D:4      | Reached skill level 1 in Spellcasting
  3367 | D:4      | Reached XP level 6. HP: 41/45 MP: 0/0
  3633 | D:5      | Entered Level 5 of the Dungeon
  3655 | D:5      | Noticed an ogre
  3672 | D:5      | Noticed a water moccasin
  3688 | D:5      | Killed an ogre
  3801 | D:5      | Killed a water moccasin
  3802 | D:5      | Reached skill level 1 in Evocations
  3802 | D:5      | Reached XP level 7. HP: 26/50 MP: 0/0
  3802 | D:5      | Learned a level 3 spell: Confusing Touch
  3957 | D:5      | Found Zeuhepsisch's Weapon Boutique.
  4033 | D:5      | Found a runed translucent gate.
  4033 | D:5      | Identified the +8 chain mail of the Eternal Fruit {+Inv
                  | rElec rC+}
  4033 | D:5      | Noticed Drazool's ghost (novice DjVM)
  4034 | D:5      | Found a runed translucent gate.
  4036 | D:5      | Found a runed translucent gate.
  4457 | D:5      | Reached XP level 8. HP: 18/58 MP: 0/0
  4964 | D:5      | Killed Drazool's ghost
  5067 | D:6      | Reached skill level 5 in Dodging
  5426 | D:6      | Found a staircase to the Ecumenical Temple.
  5435 | Temple   | Entered the Ecumenical Temple
  5552 | Temple   | Became a worshipper of Ashenzari the Shackled
  5618 | D:6      | Found Sopt's Assorted Antiques.
  5672 | D:6      | Reached skill level 5 in Axes
  5672 | D:6      | Reached XP level 9. HP: 35/62 MP: 0/0
  5672 | D:6      | Learned a level 4 spell: Sticky Flame
  5903 | D:6      | Noticed Duvessa
  5903 | D:6      | Noticed Dowan
  5911 | D:6      | Killed Duvessa
  5935 | D:6      | Killed Dowan
  5956 | D:7      | HP: 1/62 [iguana (10)]
  7036 | D:7      | Noticed a six-headed hydra
  7066 | D:6      | Slain by a six-headed hydra

Illustrated notes

Levels and vault maps discovered:
D:1:      minmay_arrival_stone_box, layout_rooms, serial_shops,
          nicolae_shop_bloodbath_and_beyond,
          hellmonk_ecumenical_altar_watching_god, minmay_pentomino_q4
D:2:      layout_basic, serial_bayou_pond_d
D:3:      layout_basic, ebering_ghost_reflecting_pool, minmay_strange_pillars
D:4:      layout_basic
D:5:      layout_loops_ring, serial_shops, kennysheep_mini_moat,
          cheibrodos_sewer_entry_bend, biasface_ghost_orc_armoury
D:6:      layout_loops_ring, minmay_temple_entry_tees, serial_shops,
          nicolae_shop_overgrown_old_shop, uniq_duvessa
D:7:      layout_basic
Temple:   minmay_crystal_snake_temple

Skill      XL: |  1  2  3  4  5  6  7  8  9 |
---------------+----------------------------+-----
Axes           | 3 4 5 |  5.4
Armour         | 1 2 3 4 |  4.8
Throwing       | 2 3 |  3.4
Dodging        | 4 5 |  5.5
Spellcasting   | 1 2 |  2.6
Fighting       | 3 4 |  4.4
Evocations     | 1 2 3 |  3.1

Action                   |  1- 3 |  4- 6 |  7- 9 || total
-------------------------+-------+-------+-------++-------
Melee: War axe           |    66 |   130 |   186 ||   382
       Punch             |       |       |     1 ||     1
Throw: Dart              |       |     6 |    16 ||    22
       Boomerang         |       |       |     4 ||     4
       Throwing net      |       |       |     3 ||     3
Invok: Curse Item        |       |       |     1 ||     1
Evoke: Wand              |       |       |     3 ||     3
  Use: Scroll            |     4 |     4 |     7 ||    15
       Potion            |       |     1 |     4 ||     5
Armor: Leather armour    |    17 |       |       ||    17
       Scale mail        |     3 |    56 |    24 ||    83
       Chain mail        |       |       |   105 ||   105
Dodge: Dodged            |    56 |    57 |   104 ||   217
Block: Other             |       |    22 |    45 ||    67
       Reflection        |       |     3 |     2 ||     5

Table legend: (Time is in decaauts)
 A = Elapsed time spent in this place.
 B = Non-inter-level travel time spent in this place.
 C = Inter-level travel time spent in this place.
 D = Time resting spent in this place.
 E = Time spent auto-exploring this place.
 F = Levels seen in this place.
 G = Mean time per level.
                   A        B        C        D        E       F      G
               +--------+--------+--------+--------+--------+-----+--------+
         Total |   7160 |   6782 |    378 |   1050 |   4420 |   8 |  895.0 |
       Dungeon |   7026 |   6679 |    347 |   1050 |   4361 |   7 | 1003.7 |
        Temple |    133 |    102 |     31 |      0 |     59 |   1 |  133.0 |
               +--------+--------+--------+--------+--------+-----+--------+

Top non-repeatable levels by time:
     D:5: 1449 daAuts
     D:3: 1159 daAuts
     D:6: 1155 daAuts
     D:2: 1059 daAuts
     D:1: 856 daAuts
     D:7: 746 daAuts
     D:4: 600 daAuts
  Temple: 133 daAuts
